 Dungeon Crawl Stone Soup version 0.21.1-1-g345015f (webtiles) character file.

74 tidbits the Grave Robber (level 4, 32/32 HPs)
             Began as a Gnoll Necromancer on June 17, 2018.
             Quit the game on level 7 of the Dungeon.
             The game lasted 00:05:11 (532 turns).

tidbits the Grave Robber (Gnoll Necromancer)         Turns: 532, Time: 00:05:12

Health: 32/32      AC:  5    Str: 11    XL:     4   Next: 30%
Magic:  11/11      EV: 15    Int: 18    God:
Gold:   101        SH:  0    Dex: 15    Spells: 5/13 levels left

rFire    . . .     SeeInvis .   a - +0 dagger
rCold    . . .     Gourm    .   (no shield)
rNeg     . . .     Faith    .   j - +0 robe
rPois    .         Spirit   .   e - +2 helmet
rElec    .         Reflect  .   (no cloak)
rCorr    .         Harm     .   (no gloves)
MR       .....                  (no boots)
Stlth    +++.......             (no amulet)
HPRegen  0.10/turn              (no ring)
MPRegen  0.12/turn              (no ring)

@: no status effects
A: distributed training, fangs 1, strong nose
a: no special abilities


You were on level 7 of the Dungeon.
You were not hungry.

You visited 1 branch of the dungeon, and saw 7 of its levels.

You collected 101 gold pieces.

Inventory:

Hand Weapons
 a - a +0 dagger (weapon)
 p - a +1 long sword
Armour
 e - a +2 helmet (worn)
 j - a +0 robe (worn)
Wands
 f - a wand of random effects (13)
 n - a wand of iceblast (2)
 o - a wand of flame (19)
Scrolls
 g - 2 scrolls of remove curse
Potions
 i - 2 potions of curing
 l - a potion of ambrosia {unknown}
 m - a potion of might {unknown}
Books
 b - a book of Necromancy

   Spells                             Type                      Level
   a - Pain                           Necromancy                   1
   b - Animate Skeleton               Necromancy                   1
   c - Vampiric Draining              Necromancy                   3
   d - Regeneration                   Charms/Necromancy            3
   e - Animate Dead                   Necromancy                   4
   f - Borgnjor's Vile Clutch         Necromancy/Earth             5
Comestibles
 c - 8 rations


   Skills:
 + Level 1.0 Fighting
 + Level 1.0 Short Blades
 + Level 1.0 Long Blades
 + Level 1.0 Axes
 + Level 1.0 Maces & Flails
 + Level 1.0 Polearms
 + Level 1.0 Staves
 + Level 1.0 Slings
 + Level 1.0 Bows
 + Level 1.0 Crossbows
 + Level 1.0 Throwing
 + Level 1.0 Armour
 + Level 4.6 Dodging
 + Level 4.2 Stealth
 + Level 1.0 Shields
 + Level 1.0 Unarmed Combat
 + Level 5.0 Spellcasting
 + Level 0.8 Conjurations
 + Level 0.8 Hexes
 + Level 0.8 Charms
 + Level 0.8 Summonings
 + Level 7.1 Necromancy
 + Level 0.8 Translocations
 + Level 0.8 Transmutations
 + Level 0.8 Fire Magic
 + Level 0.8 Ice Magic
 + Level 0.8 Air Magic
 + Level 0.8 Earth Magic
 + Level 0.8 Poison Magic
 + Level 1.1 Invocations
 + Level 1.0 Evocations


You had 5 spell levels left.
You knew the following spells:

 Your Spells              Type           Power        Failure   Level  Hunger
a - Pain                  Necr           ####         1%          1    None
d - Vampiric Draining     Necr           ####......   1%          3    ##.....
n - Animate Skeleton      Necr           N/A          1%          1    None
r - Regeneration          Chrm/Necr      ###.......   8%          3    ##.....


Dungeon Overview and Level Annotations

Branches:
Dungeon (7/15)
 Temple: D:4-7

Altars:


Innate Abilities, Weirdness & Mutations

Your experience applies equally to all skills.
You have very sharp teeth.
Your uncanny sense of smell can sniff out nearby items.


Message History

There is a stone staircase leading up here.
Casting: Pain
Confirm with . or Enter, or press ? or * to list all spells.
Aiming: Pain
Press: ? - help, Shift-Dir - straight line, f - orc
Aim: an orc, wielding a dagger (chance to defeat MR: 93%)
The orc writhes in agony!
Casting: Pain
Confirm with . or Enter, or press ? or * to list all spells.
Aiming: Pain
Press: ? - help, Shift-Dir - straight line, f/p - orc
Aim: an orc, wielding a dagger (heavily wounded, chance to defeat MR: 93%)
The orc writhes in agony!
Casting: Pain
Confirm with . or Enter, or press ? or * to list all spells.
Aiming: Pain
Press: ? - help, Shift-Dir - straight line, f/p - orc
Aim: an orc, wielding a dagger (almost dead, chance to defeat MR: 93%)
The orc writhes in agony!
You kill the orc!
You see here a wand of iceblast (2).
n - a wand of iceblast (2)
There is a stone staircase leading up here.
Unknown command.
Unknown command.
Unknown command.
Things that are here:
a dagger; an orc corpse
Found 8 stones.
Found a stone staircase leading down and a stone staircase leading up.
Unknown command.
There is a stone staircase leading up here.
There is a stone staircase leading down here.
You climb downwards.
Found 6 gold pieces.
There is a stone staircase leading up here.
Unknown command.
HP restored.
Found a potion of curing.
Magic restored.
Found 13 gold pieces.
You see here 6 gold pieces.
You now have 44 gold pieces (gained 6).
You see here a potion of curing.
i - 2 potions of curing (gained 1)
As you read the scroll labeled RUOS ALEZEOMU, it crumbles to dust.
You feel as if something is helping you.
It was a scroll of remove curse.
You see here 13 gold pieces.
You now have 57 gold pieces (gained 13).
Found 12 gold pieces.
You see here 12 gold pieces.
You now have 69 gold pieces (gained 12).
An adder comes into view.
Found 15 gold pieces.
Unknown command.
The helpless adder fails to defend itself.
You puncture the adder!
You kill the adder!
Found 17 gold pieces.
Found a stone staircase leading down.
You see here 15 gold pieces.
You now have 84 gold pieces (gained 15).
Found a silver wand.
You see here 17 gold pieces.
You now have 101 gold pieces (gained 17).
There is a stone staircase leading down here.
Found 19 gold pieces.
You see here a wand of flame (19).
o - a wand of flame (19)
There is a stone staircase leading down here.
You climb downwards.
There is a stone staircase leading up here.
Unknown command.
You open the door.
There is an open door here.
Found a ration.
You see here a ration.
c - 8 rations (gained 1)
Okay, then.
Found a long sword.
Found a short sword.
You see here a long sword.
p - a long sword You see here a short sword.
As you read the scroll labeled LIJAWYT SUST, it crumbles to dust.
It is a scroll of enchant armour.
Your +0 helmet glows green for a moment.
As you read the scroll of enchant armour, it crumbles to dust.
Your +1 helmet glows green for a moment.
As you read the scroll labeled ISHOPT LUILLAT, it crumbles to dust.
It is a scroll of enchant weapon.
Your long sword glows red for a moment.
As you read the scroll labeled YTHAUS VIEBLO, it crumbles to dust.
It is a scroll of amnesia.
Okay, then.
Unknown command.
You see here a short sword.
There is an open door here.
Are you sure you want to abandon this character and quit the game? (Confirm with "yes".)

# # # ∆ ######
#....#
#....#########
#....@........
#......######
#.<....'..#
##########
##.....##.#
#.........
#.....##.#
#)########
#.....##.# #.#
##....##.###.#
#######.....#
#######


There were no monsters in sight!

Vanquished Creatures
  An iguana (D:4)
  2 adders
  A dart slug (D:3)
  2 leopard geckos (D:3)
  4 orcs
  2 bats
  A giant cockroach (D:3)
  2 goblins (D:3)
  5 kobolds
  A quokka (D:3)
  2 frilled lizards
  3 rats
26 creatures vanquished.

Notes
Turn   | Place    | Note
-------+----------+-------------------------------------------
     0 | D:1      | tidbits the Gnoll Necromancer began the quest for the Orb.
     0 | D:1      | Reached XP level 1. HP: 13/13 MP: 6/6
   149 | D:3      | Reached XP level 2. HP: 13/19 MP: 5/7
   268 | D:3      | Reached skill level 5 in Spellcasting
   268 | D:3      | Reached XP level 3. HP: 6/25 MP: 5/9
   274 | D:3      | HP: 3/37 [orc/club (3)]
   280 | D:3      | Learned a level 3 spell: Regeneration
   284 | D:3      | Learned a level 1 spell: Animate Skeleton
   288 | D:3      | Learned a level 3 spell: Vampiric Draining
   348 | D:4      | Reached skill level 1 in Fighting
   348 | D:4      | Reached skill level 1 in Short Blades
   348 | D:4      | Reached skill level 1 in Long Blades
   348 | D:4      | Reached skill level 1 in Axes
   348 | D:4      | Reached skill level 1 in Maces & Flails
   348 | D:4      | Reached skill level 1 in Polearms
   348 | D:4      | Reached skill level 1 in Staves
   348 | D:4      | Reached skill level 1 in Slings
   348 | D:4      | Reached skill level 1 in Bows
   348 | D:4      | Reached skill level 1 in Crossbows
   348 | D:4      | Reached skill level 1 in Throwing
   348 | D:4      | Reached skill level 1 in Armour
   348 | D:4      | Reached skill level 1 in Shields
   348 | D:4      | Reached skill level 1 in Unarmed Combat
   348 | D:4      | Reached skill level 1 in Invocations
   348 | D:4      | Reached skill level 1 in Evocations
   348 | D:4      | Reached XP level 4. HP: 32/32 MP: 8/11
   377 | D:5      | Entered Level 5 of the Dungeon
   532 | D:7      | Quit the game

Skill      XL: |  1  2  3 |
---------------+----------+-----
Spellcasting   | 5 |  5.0
Fighting       | 1 |  1.0
Short Blades   | 1 |  1.0
Long Blades    | 1 |  1.0
Axes           | 1 |  1.0
Maces & Flails | 1 |  1.0
Polearms       | 1 |  1.0
Staves         | 1 |  1.0
Slings         | 1 |  1.0
Bows           | 1 |  1.0
Crossbows      | 1 |  1.0
Throwing       | 1 |  1.0
Armour         | 1 |  1.0
Shields        | 1 |  1.0
Unarmed Combat | 1 |  1.0
Invocations    | 1 |  1.1
Evocations     | 1 |  1.0
Dodging        | |  4.6
Stealth        | |  4.2
Conjurations   | |  0.8
Hexes          | |  0.8
Charms         | |  0.8
Summonings     | |  0.8
Necromancy     | |  7.1
Translocations | |  0.8
Transmutations | |  0.8
Fire Magic     | |  0.8
Ice Magic      | |  0.8
Air Magic      | |  0.8
Earth Magic    | |  0.8
Poison Magic   | |  0.8

Action                   |  1- 3 |  4- 6 || total
-------------------------+-------+-------++-------
Melee: Dagger            |     8 |     1 ||     9
       Unarmed           |    13 |       ||    13
 Cast: Pain              |    16 |     4 ||    20
       Regeneration      |     2 |       ||     2
Evoke: Wand              |     2 |       ||     2
  Use: Potion            |     3 |       ||     3
       Scroll            |       |     5 ||     5
 Stab: Sleeping          |     4 |     1 ||     5
Armor: Skin              |     5 |       ||     5
       Robe              |     1 |       ||     1
Dodge: Dodged            |     9 |       ||     9

Table legend:
 A = Turns spent in this place as a percentage of turns spent in the entire game.
 B = Non-inter-level travel turns spent in this place as a percentage of non-inter-level travel turns spent in the entire game.
 C = Inter-level travel turns spent in this place as a percentage of turns spent in this place.
 D = Turns resting spent in this place as a percentage of non-inter-level travel turns spent in this place.
 E = Turns spent auto-exploring this place as a percentage of non-inter-level travel turns spent in this place.
 F = Non-inter-level travel turns spent in this place divided by the number of levels of this place that you've seen.
                   A       B       C       D       E      F
               +-------+-------+-------+-------+-------+----------------------
         Total | 100.0 | 100.0 |   0.0 |   0.0 |   0.0 |  76.0
       Dungeon | 100.0 | 100.0 |   0.0 |   0.0 |   0.0 |  76.0
               +-------+-------+-------+-------+-------+----------------------

Table legend:
 A = Kills in this place as a percentage of kills in entire the game.
 B = Kills by you in this place as a percentage of kills by you in the entire game.
 C = Kills by friends in this place as a percentage of kills by friends in the entire game.
 D = Other kills in this place as a percentage of other kills in the entire game.
 E = Experience gained in this place as a percentage of experience gained in the entire game.
 F = Experience gained in this place divided by the number of levels of this place that you have seen.
                   A       B       C       D       E      F
               +-------+-------+-------+-------+-------+----------------------
         Total | 100.0 | 100.0 |   N/A |   N/A | 100.0 |  15.3
       Dungeon | 100.0 | 100.0 |   N/A |   N/A | 100.0 |  15.3
               +-------+-------+-------+-------+-------+----------------------

Vault maps used:
D:1:      roderic_chinese_lattice_arrival, minmay_bisected
D:2:      overflow_temple_1_default
D:3:      nicolae_ru_the_path_less_chosen, first_ration, minmay_joined_circles
D:4:      gammafunk_temple_overflow_forgotten
D:5:      xom_redecorated, uniq_blork_the_orc, uniq_pikel
D:6:      nicolae_overflow_hidden_temple, minmay_temple_entry_glassed_door,
          serial_shops, kennysheep_little_box
D:7:      black_bear_nest_1, lemuel_round_altar, uniq_joseph, uniq_menkaure
